[Event "*** Titled Tuesday Blitz"]
[Site "Chess.com"]
[Date "2021.04.06"]
[Round "11"]
[White "thechesscorner64"]
[Black "chessbia"]
[Result "1-0"]
[WhiteElo "2428"]
[BlackElo "2333"]
[TimeControl "180+1"]
[EndTime "12:07:57 PDT"]
[Termination "thechesscorner64 won on time"]

1. e4 e5 2. Nf3 Nc6 3. Bb5 a6 4. Ba4 Nf6 5. d3 d6 6. Nbd2 Be7 7. Nf1 O-O 8. Ng3 b5 9. Bb3 d5 10. O-O Bg4 11. exd5 Nxd5 12. c3 b4 13. h3 Be6 14.
Bd2 bxc3 15. bxc3 Na5 16. Bc2 Nc6 17. Re1 Bd6 18. Ng5 Re8 19. d4 h6 20. Nxe6 Rxe6 21. c4 Ndb4 22. d5 Nxc2 23. dxe6 Nxe1 24. exf7+ Kxf7 25. Bxe1 Nd4 26. Qh5+ Kg8 27. Bc3 c5 28. Bxd4 exd4 29.
Re1 Bxg3 30. fxg3 Qd6 31. Re5 Rf8 32. Kh2 Rc8 33. Rd5 Qe7 34. Qg4 Rc7 35. Qg6 a5 36. a4 Rd7 37. Qc6 Rxd5 38. cxd5 d3 39. d6 Qd8 40. Qd5+ Kh8 41. Qxd3 c4 42. Qd4 c3 43. Qxc3 Qxd6 44. Qxa5 Kh7 45. Qb5 1-0

[Event "*** Titled Tuesday Blitz"]
[Site "Chess.com"]
[Date "2021.04.06"]
[Round "11"]
[White "ShahMatKanal"]
[Black "serena-maria"]
[Result "0-1"]
[WhiteElo "2431"]
[BlackElo "2361"]
[TimeControl "180+1"]
[EndTime "12:07:58 PDT"]
[Termination "serena-maria won by resignation"]

1. e4 c5 2. b3 Nf6 3. e5 Nd5 4. Bb2 Nc6 5. Nf3 d6 6. exd6 Qxd6 7. Bc4 Bg4 8. h3 Bh5 9. O-O O-O-O 10. d3 e6 11. Nbd2 f5 12. Qe1 Rg8 13. Ne5 g5 14. Ndf3 g4 15. hxg4 fxg4 16. Nd2 Bg7 17. Ne4 Qc7 18.
Nxc6 Bxb2 19. Nxd8 Rxd8 20. Rb1 Be5 21. Nxc5 Bh2+ 22.
Kh1 Qxc5 23. Qxe6+ Kb8 24. Kxh2 Nf4 25. Rbe1 Nxe6 26.
Rxe6 Bf7 27. Re4 Bxc4 28. bxc4 Qh5+ 29. Kg3 Qf5 30. Rxg4 h5 31. Rf4 Rg8+ 32. Kf3 Qe5 33. g3 Qc3 34. Rh1 Qxc2 35. Rxh5 Qxd3+ 36. Kg2 Qd1 37. Rb5 Rd8 38. Rf7 Rd7 39. Rf8+ Kc7 40. Rff5 Qd4 41. Rbc5+ Kd8 42. Rf8+ Ke7 43. Rcc8 Qe4+ 44.
f3 Qc2+ 45. Kh3 Qh7+ 46. Kg4 Rd4+ 47. f4 Qg7+ 48. Kf3 Qxf8 49. Rxf8 Kxf8 50. g4 Rxc4 51. g5 Rc2 52. Kg4 Rxa2 0-1

[Event "*** Titled Tuesday Blitz"]
[Site "Chess.com"]
[Date "2021.04.06"]
[Round "11"]
[White "vugarrasulov"]
[Black "BogdanDeac"]
[Result "0-1"]
[WhiteElo "2868"]
[BlackElo "3065"]
[TimeControl "180+1"]
[EndTime "12:07:59 PDT"]
[Termination "BogdanDeac won by checkmate"]

1. d4 Nf6 2. c4 e6 3. Nf3 d5 4. Nc3 dxc4 5. e4 Bb4 6. Bg5 h6 7. Bxf6 Qxf6 8. Bxc4 c5 9. O-O O-O 10. e5 Qd8 11. Ne4 cxd4 12. a3 Be7 13. Nxd4 Nd7 14. Bxe6 fxe6 15. Nxe6 Qb6 16. Nxf8 Nxf8 17. b4 Be6 18.
Rc1 a5 19. Nc5 axb4 20. axb4 Rd8 21. Qe2 Bd5 22. Rfd1 Qxb4 23. Nd3 Qe4 24. Qf1 Ne6 25. f3 Qe3+ 26. Kh1 Bc6 27. Nf2 Rxd1 28. Rxd1 Qxe5 29. Ng4 Qf5 30. Qc4 Bf8 31. Re1 Qd5 32. Qc3 Nf4 33.
Ne5 Qe6 34. Nxc6 Qxc6 35. Qb3+ Qd5 36. Qe3 Ng6 37. Qb6 Nf4 38. Qe3 Bd6 39. Rb1 b5 40. h3 Kf7 41. Rc1 b4 42. Qa7+ Kg6 43. Qd7 Qe5 44.
Qg4+ Kh7 45. Rd1 Ng6 46. Qe4 Qh2# 0-1

[Event "*** Titled Tuesday Blitz"]
[Site "Chess.com"]
[Date "2021.04.06"]
[Round "11"]
[White "VinzentSpitzl"]
[Black "VitaRasik"]
[Result "0-1"]
[WhiteElo "2434"]
[BlackElo "2612"]
[TimeControl "180+1"]
[EndTime "12:07:59 PDT"]
[Termination "VitaRasik won by resignation"]

1. d4 d6 2. Nf3 g6 3. g3 Bg7 4.
Bg2 Nf6 5. b3 O-O 6. Bb2 c5 7.
O-O cxd4 8. Bxd4 Nc6 9. Bb2 d5 10. c4 dxc4 11. bxc4 Qb6 12. Qb3 Nd7 13. Bxg7 Kxg7 14.
Nc3 Qxb3 15. axb3 Nc5 16. Rab1 Bf5 17. Rb2 a5 18. Nb5 Rfd8 19. Nd2 Rd7 20. e4 Bg4 21. f3 Rad8 22. Nb1 Be6 23. N1c3 Rd2 24. Rxd2 Rxd2 25.
Rb1 Nd4 26. Nxd4 Rxd4 27. Bf1 g5 28. b4 axb4 29. Rxb4 g4 30. fxg4 Bd7 31. e5 Bc6 32. Bg2 Nd3 33. Rb3 Nxe5 34. Bxc6 bxc6 35. Ne2 Rxc4 36.
h3 Rc2 37. Kf2 c5 38. Re3 f6 39. Re4 c4 40. Ke3 Ra2 41. g5 Ra3+ 42. Kd4 Rd3+ 43. Kc5 Kg6 44. gxf6 exf6 45. Nf4+ Kf5 46. Nxd3 Kxe4 47. Nxe5 fxe5 48. Kxc4 Kf3 49. Kd5 e4 0-1

[Event "*** Titled Tuesday Blitz"]
[Site "Chess.com"]
[Date "2021.04.06"]
[Round "11"]
[White "HackingKid98"]
[Black "K_A_S_T_O_R"]
[Result "0-1"]
[WhiteElo "2498"]
[BlackElo "2765"]
[TimeControl "180+1"]
[EndTime "12:07:59 PDT"]
[Termination "K_A_S_T_O_R won on time"]

1. d4 Nf6 2. Nf3 e6 3. g3 b6 4.
Bg2 Bb7 5. O-O c5 6. c4 cxd4 7. Qxd4 d6 8. Nc3 a6 9. b3 Nbd7 10. Ba3 Nc5 11. Rad1 Be7 12. Ng5 Bxg2 13. Kxg2 Qc7 14.
Nge4 O-O 15. Kg1 Rfd8 16. Nxc5 bxc5 17. Qd3 Ng4 18. Qe4 Ne5 19. Bb2 Bf6 20. Rd2 Nc6 21.
Rfd1 Rd7 22. e3 Rad8 23. Qg4 Kh8 24. h4 Be5 25. Qe4 f5 26. Qf3 Bf6 27. Na4 Bxb2 28.
Nxb2 Ne5 29. Qg2 Kg8 30. Nd3 Ng4 31. Nf4 Re8 32. e4 g6 33. h5 g5 34. Nh3 h6 35.
Re2 fxe4 36. Qxe4 Ne5 37. f4 gxf4 38. gxf4 Rg7+ 39. Rg2 Ng4 40. Kh1 Qf7 41. Rdg1 Qxh5 42. Qf3 Kh8 43. Rxg4 Reg8 44. Rxg7 Qxf3+ 0-1

[Event "*** Titled Tuesday Blitz"]
[Site "Chess.com"]
[Date "2021.04.06"]
[Round "11"]
[White "WinOrTilt"]
[Black "morte-negra"]
[Result "1-0"]
[WhiteElo "2225"]
[BlackElo "1966"]
[TimeControl "180+1"]
[EndTime "12:07:59 PDT"]
[Termination "WinOrTilt won on time"]

1. d4 Nf6 2. Nf3 c5 3. e3 e6 4. Bd3 a6 5. O-O Be7 6. Nbd2 d5 7. b3 b5 8. c3 c4 9. Bc2 Bb7 10. Bb2 O-O 11. Ne5 Nbd7 12. f4 Re8 13. Qf3 Nf8 14. g4 Ng6 15. g5 Ne4 16. Nxe4 dxe4 17. Bxe4 Bxe4 18. Qxe4 Bd6 19. Nxg6 hxg6 20. Rad1 Qc7 21.
h4 cxb3 22. axb3 Rac8 23. Qf3 Qe7 24. h5 gxh5 25. Qxh5 Qb7 26. Rf2 Qe4 27. Qh3 Kf8 28.
f5 Ke7 29. Qf3 Qh4 30. fxe6 Qxg5+ 31. Rg2 Qf6 32. Qxf6+ gxf6 33. exf7 Kxf7 34. Re1 Bf4 35. e4 Re7 36. Kf2 Rce8 37. Kf3 Bg5 38. Ba3 Re6 39. Bc5 Kg6 40. c4 bxc4 41. bxc4 Rb8 42. Kg4 Rb3 43. Rg3 Rb2 44. d5 Re8 45. Bd4 Rd2 46. Bc3 Rf2 47. Rf3 Rh8 48. Rxf2 1-0

[Event "*** Titled Tuesday Blitz"]
[Site "Chess.com"]
[Date "2021.04.06"]
[Round "11"]
[White "ChronicUnhappiness"]
[Black "Kale36"]
[Result "1-0"]
[WhiteElo "2328"]
[BlackElo "2390"]
[TimeControl "180+1"]
[EndTime "12:08:00 PDT"]
[Termination "ChronicUnhappiness won by checkmate"]

1. d4 Nc6 2. Nf3 d6 3. e4 g6 4. d5 Ne5 5. Nxe5 dxe5 6. Bb5+ Bd7 7. Bxd7+ Qxd7 8. c4 e6 9. O-O Nf6 10. Nc3 Bg7 11. Qb3 c6 12. dxc6 Qxc6 13. f3 O-O 14.
Be3 Rfd8 15. Rfd1 Nd7 16. Qb5 Bf8 17. Qxc6 bxc6 18. Na4 Be7 19. b3 Kf8 20. Rd3 Ke8 21. Rad1 Nf8 22. Rxd8+ Bxd8 23. Kf2 Nd7 24. Ke2 Bc7 25.
Nc5 Nxc5 26. Bxc5 a6 27. Bd6 Bxd6 28. Rxd6 Rc8 29. c5 Ke7 30. Kd3 f5 31. b4 g5 32.
a4 h5 33. Kc4 g4 34. h3 Rc7 35.
exf5 exf5 36. Rh6 Rd7 37. Rxh5 gxf3 38. gxf3 Rd4+ 39. Kc3 Kf6 40. Rh6+ Kg5 41. Rxc6 Kf4 42. Rd6 Ke3 43. b5 axb5 44. axb5 f4 45. b6 Rxd6 46.
cxd6 e4 47. d7 exf3 48. d8=Q f2 49. Qd3# 1-0

[Event "*** Titled Tuesday Blitz"]
[Site "Chess.com"]
[Date "2021.04.06"]
[Round "11"]
[White "zurzan"]
[Black "Kapibara_Warri0r"]
[Result "0-1"]
[WhiteElo "2001"]
[BlackElo "2229"]
[TimeControl "180+1"]
[EndTime "12:08:00 PDT"]
[Termination "Kapibara_Warri0r won by resignation"]

1. f4 Nh6 2. Nf3 g6 3. g3 d5 4. Bg2 Nf5 5. O-O h5 6. d3 h4 7. e4 h3 8. Bh1 Nh6 9. Ne5 c6 10. d4 Rg8 11. exd5 cxd5 12. Qf3 Be6 13. c4 dxc4 14. d5 Bf5 15. Nc3 Nd7 16. Be3 Nxe5 17.
fxe5 Ng4 18. Bg5 Qb6+ 19. Rf2 Nxf2 20. Qxf2 Qxf2+ 21. Kxf2 Rd8 22. Rd1 Bd3 23. d6 Rd7 24. Nb5 exd6 25. exd6 Bxd6 26. Re1+ Kf8 27. Nxd6 Rxd6 28.
Be7+ Kg7 29. Bxd6 Rd8 30. Be5+ f6 31. Bc3 b6 32. Be4 Bxe4 33. Rxe4 Rd1 34. Re7+ Kh6 35. Rxa7 Rh1 36. Bxf6 Rxh2+ 37. Kf3 Rc2 38. Bg7+ Kg5 39. Be5 h2 40. Rh7 Kf5 41. Bf4 g5 42. g4+ Kg6 43. Rh3 gxf4 44. Kxf4 Rxb2 45. a4 c3 46. g5 c2 47. Rh6+ Kg7 48. Rxh2 c1=Q+ 49. Ke5 Rxh2 0-1

[Event "*** Titled Tuesday Blitz"]
[Site "Chess.com"]
[Date "2021.04.06"]
[Round "11"]
[White "ajdemipopushi"]
[Black "Spencenzug"]
[Result "0-1"]
[WhiteElo "2397"]
[BlackElo "2273"]
[TimeControl "180+1"]
[EndTime "12:08:01 PDT"]
[Termination "Spencenzug won by resignation"]

1. Nf3 c5 2. g3 g6 3. Bg2 Bg7 4. c4 Nc6 5. O-O e6 6. Nc3 Nge7 7. e3 d5 8. cxd5 exd5 9. d4 cxd4 10. Nxd4 O-O 11. Nxc6 bxc6 12. Bd2 Rb8 13. b3 c5 14. Rc1 Be6 15. Na4 c4 16. Nc5 cxb3 17. Nxe6 fxe6 18. axb3 Qb6 19. b4 Nc6 20. Bh3 Ne5 21.
Bc3 Nf3+ 22. Kh1 Bxc3 23. Rxc3 Rf6 24. Ra3 Rbf8 25. Bg2 Qxb4 26. Rxa7 Nd2 27. Ra4 Qc3 28. Qe1 Qb3 29. Qxd2 Qxa4 30. Bh3 Qe4+ 31. Kg1 g5 32. Bg2 Qe5 33. h3 h5 34. Qe2 Rh6 35. Qd3 Qg7 36. Qd2 Rhf6 37. Qe2 g4 38. hxg4 hxg4 39. Qd2 Qg5 40. Qd4 Kg7 41. Rb1 Kg6 42. Qd3+ Qf5 43. Qxf5+ Rxf5 44. Rb2 Kf6 45. Bf1 Ke5 46. Bd3 R5f6 47.
Kg2 Rd8 48. Be2 Rg8 49. Rb4 Rfg6 50. Rf4 Rg5 51. Rf7 R8g7 52. Rf8 Ra7 53. Rf4 Rag7 54. Kg1 Kd6 55. Kg2 e5 56. Rf6+ Kc5 57. Rf5 Rxf5 58. Bd3 e4 59. Be2 Kd6 0-1

[Event "*** Titled Tuesday Blitz"]
[Site "Chess.com"]
[Date "2021.04.06"]
[Round "11"]
[White "Murad_Ibrahimli"]
[Black "Artem_Sadovsky"]
[Result "1/2-1/2"]
[WhiteElo "2815"]
[BlackElo "2659"]
[TimeControl "180+1"]
[EndTime "12:08:03 PDT"]
[Termination "Game drawn by repetition"]

1. Nf3 g6 2. g3 Bg7 3. d4 d6 4. Bg2 e5 5. dxe5 dxe5 6. Qxd8+ Kxd8 7. O-O f6 8. Rd1+ Nd7 9. Nc3 c6 10. Ne4 Kc7 11. Nd6 Ne7 12. c4 Rd8 13. Nxc8 Raxc8 14. b3 Bf8 15. Ba3 Nf5 16. Bxf8 Nxf8 17. Bh3 Ne6 18.
Bxf5 gxf5 19. Nh4 f4 20. Nf5 a5 21. Kg2 Kb6 22. e3 fxe3 23. fxe3 Kc5 24. h4 Rxd1 25.
Rxd1 Rd8 26. Rf1 Rd2+ 27. Kh3 Rxa2 28. Ne7 Rb2 29. Rxf6 Rxb3 30. Rxe6 a4 31. Rxe5+ Kb4 32. Nf5 a3 33. Nd4 Rb2 34. Re8 Kxc4 35. Ra8 Kb4 36.
e4 c5 37. Nf3 Re2 38. Ne5 c4 39. Nxc4 Kxc4 40. Rxa3 b5 41. Ra7 h5 42. Rh7 b4 43. Rxh5 b3 44. Rh8 Rxe4 45. Rb8 Kc3 46. h5 Rb4 47. Rc8+ Rc4 48. Rb8 Rb4 49. Rc8+ Rc4 50.
Rb8 Rb4 1/2-1/2

[Event "*** Titled Tuesday Blitz"]
[Site "Chess.com"]
[Date "2021.04.06"]
[Round "11"]
[White "AniJak"]
[Black "zajka-molotok"]
[Result "1-0"]
[WhiteElo "2317"]
[BlackElo "2488"]
[TimeControl "180+1"]
[EndTime "12:08:03 PDT"]
[Termination "AniJak won on time"]

1. e4 d5 2. exd5 Qxd5 3. Nc3 Qd8 4. Bc4 Nf6 5. d3 g6 6. Nge2 Bg7 7. O-O O-O 8. Bg5 b6 9. Qd2 Bb7 10. Bh6 Nbd7 11.
Bxg7 Kxg7 12. d4 e6 13. Rad1 a6 14. Nf4 Qe7 15. Rfe1 Rae8 16. Bxe6 fxe6 17. Nxe6+ Kg8 18. Nxc7 Qf7 19. Nxe8 Nxe8 20. f3 Ng7 21. Ne4 Bd5 22. b3 b5 23. Rc1 Nf5 24. c4 bxc4 25. bxc4 Bxc4 26. Ng5 Qd5 27. Ne6 Re8 28. Nc7 Rxe1+ 29. Rxe1 Qd6 30. Ne8 Qxd4+ 31. Qxd4 Nxd4 32. Re4 Ne2+ 33. Kf2 Bd3 34. Re3 Bc4 35. Nd6 Bxa2 36. Rxe2 Bd5 37.
Rd2 Be6 38. Ne4 Nf8 39. Rd6 a5 40. Ra6 Bc4 41. Rxa5 Kg7 42. Ra7+ Kh6 43. g4 Ne6 44. h4 g5 45. hxg5+ Kg6 46. Ra4 Bd5 47. Ra6 Kg7 48.
Ng3 Bc4 49. Nf5+ Kg6 50. Rc6 Bd5 51. Rd6 Ba2 52. Nd4 1-0

[Event "*** Titled Tuesday Blitz"]
[Site "Chess.com"]
[Date "2021.04.06"]
[Round "11"]
[White "akanga001"]
[Black "Pantata007"]
[Result "1-0"]
[WhiteElo "2059"]
[BlackElo "2237"]
[TimeControl "180+1"]
[EndTime "12:08:03 PDT"]
[Termination "akanga001 won on time"]

1. e4 e5 2. Nf3 Nc6 3. Bb5 a6 4. Bxc6 dxc6 5. d4 exd4 6. Qxd4 Qxd4 7. Nxd4 Bd7 8. f3 O-O-O 9. Be3 Ne7 10. Nc3 Ng6 11.
h4 Bb4 12. O-O-O Bxc3 13. bxc3 h5 14. Bf2 c5 15. Nb3 b6 16. g3 f5 17. exf5 Bxf5 18.
Rxd8+ Rxd8 19. Rd1 Ne5 20. Rxd8+ Kxd8 21. Nd2 Kd7 22.
f4 Ng4 23. Be1 Ne3 24. Nf3 Nxc2 25. Bd2 Ke6 26. Ng5+ Kd5 27. Nf7 Na3 28. Ne5 b5 29. Kb2 Nc2 30. c4+ bxc4 31. Bc3 Nd4 32. Be1 Bd3 33.
Kc3 Nb5+ 34. Kd2 Ke4 35. a4 c3+ 36. Kc1 Nd4 37. Bxc3 Ne2+ 38. Kd2 Nxc3 39. Kxc3 Bf1 40.
Nd7 c4 41. Nc5+ Kf3 42. Ne6 g6 43. Nf8 Bd3 44. Ne6 Kxg3 45. Nc5 Kxf4 46. Nxa6 c6 47. Nc5 Kg4 48. a5 1-0

[Event "*** Titled Tuesday Blitz"]
[Site "Chess.com"]
[Date "2021.04.06"]
[Round "11"]
[White "Diaschess88"]
[Black "IriBu"]
[Result "1-0"]
[WhiteElo "2450"]
[BlackElo "2537"]
[TimeControl "180+1"]
[EndTime "12:08:04 PDT"]
[Termination "Diaschess88 won by resignation"]

1. d4 Nf6 2. c4 e6 3. Nf3 Bb4+ 4. Nc3 b6 5. e3 Bb7 6. Bd3 O-O 7. Bd2 d5 8. a3 Bxc3 9. Bxc3 Nbd7 10. b4 Ne4 11. Bb2 f5 12. Rc1 c5 13. dxc5 bxc5 14. cxd5 Bxd5 15.
O-O Qe7 16. Ne5 Rfd8 17. Qe2 cxb4 18. axb4 Rac8 19. b5 Nxe5 20. Bxe5 Qb4 21. Qb2 Qe7 22. Rxc8 Rxc8 23. f3 Nf6 24. Rc1 Rc5 25. Kf2 Kf7 26. Qa1 h5 27. Rxc5 Qxc5 28. Bd4 Qc7 29. Qxa7 Qxa7 30. Bxa7 Nd7 31. e4 fxe4 32. fxe4 Bb7 33.
Ke3 Ne5 34. Be2 g6 35. Kd4 Kf6 36. Bb8 Nd7 37. e5+ Kf5 38. Bd3+ Kf4 39. Bd6 g5 40. g3+ Kf3 41. Bg6 h4 42. Be7 hxg3 43. hxg3 g4 44.
Bh4 Nb6 45. Bf7 Bc8 46. Kc5 Nd7+ 47. Kd6 Nf8 48. Ke7 Nh7 49. Bxe6 Bb7 50. Bf5 Nf6 51. exf6 1-0

[Event "*** Titled Tuesday Blitz"]
[Site "Chess.com"]
[Date "2021.04.06"]
[Round "11"]
[White "jacky72"]
[Black "swisspower96"]
[Result "1-0"]
[WhiteElo "2726"]
[BlackElo "2582"]
[TimeControl "180+1"]
[EndTime "12:08:06 PDT"]
[Termination "jacky72 won by checkmate"]

1. d4 Nf6 2. c4 e6 3. Nf3 d5 4.
Nc3 Bb4 5. Bg5 h6 6. Bh4 dxc4 7.
a4 c5 8. e3 cxd4 9. exd4 O-O 10. Bxc4 Nc6 11. O-O Be7 12. Rc1 Nd5 13. Bxe7 Ncxe7 14.
Nxd5 Nxd5 15. Ne5 Qd6 16. Qd3 Bd7 17. Bb3 Rfd8 18. Bc2 Nf6 19. Rfd1 Be8 20. b3 Rac8 21. h3 Rc7 22. Qe3 Rdc8 23. Nc4 Qb4 24. Bd3 Kf8 25. Bb1 Bxa4 26. Ne5 Be8 27. Rc4 Qd6 28.
Rdc1 Bb5 29. Rc5 b6 30. Rxc7 Rxc7 31. Rd1 Qb4 32. Qf4 Nd5 33. Qh4 Qe7 34. Qg4 Qg5 35.
Qe4 Nc3 36. Qa8+ Ke7 37. Re1 Qd2 38. Nf3 Qf4 39. d5 Ne2+ 40. Kh1 Rd7 41. dxe6 fxe6 42.
Qg8 Kf6 43. Qf8+ Rf7 44. Qd8+ Re7 45. Rd1 Qc7 46. Qf8+ Rf7 47. Qb4 Qc5 48. Qh4+ g5 49. Qxh6+ Ke7 50. Nxg5 Rxf2 51. Qxe6+ Kf8 52. Rd8+ Kg7 53.
Rg8# 1-0

[Event "*** Titled Tuesday Blitz"]
[Site "Chess.com"]
[Date "2021.04.06"]
[Round "11"]
[White "Durarbayli"]
[Black "hypert"]
[Result "1-0"]
[WhiteElo "2727"]
[BlackElo "2568"]
[TimeControl "180+1"]
[EndTime "12:08:06 PDT"]
[Termination "Durarbayli won by resignation"]

1. e4 c5 2. b3 b6 3. c4 Bb7 4. Nc3 d6 5. Nge2 g6 6. d4 cxd4 7. Nxd4 Bg7 8. Bb2 Nd7 9. g3 Ngf6 10. Bg2 Rb8 11. O-O a6 12. Re1 O-O 13. Qd2 Re8 14. Nd5 Ba8 15. a4 Nc5 16. Qc2 Nfd7 17. b4 Ne6 18. Nxe6 fxe6 19. Nf4 Nf8 20. Bxg7 Kxg7 21. e5 Bxg2 22. Kxg2 d5 23. cxd5 exd5 24. e6 Qd6 25.
Qb2+ d4 26. Rad1 Red8 27. Re4 Kg8 28. Rdxd4 Qc6 29. b5 axb5 30. axb5 Qb7 31. Kh3 Rxd4 32.
Qxd4 Rc8 33. Qd5 Qc7 34. Qg5 Qd6 35. Nd5 Re8 36. Qe5 Qc5 37. Rf4 Rd8 38. Rf7 Nxe6 39. Qxe6 Qxd5 40. Rxe7+ Qxe6+ 41. Rxe6 Rb8 42. f4 Kf7 43.
Rc6 h5 44. Kh4 Rd8 45. Rxb6 Rd2 46. h3 Rb2 47. Kg5 Rb3 48. Rf6+ Ke7 49. Rxg6 Rxb5+ 50. f5 Kf7 51. g4 hxg4 52. hxg4 1-0

[Event "*** Titled Tuesday Blitz"]
[Site "Chess.com"]
[Date "2021.04.06"]
[Round "11"]
[White "ViktoriyaTarasova"]
[Black "Mazanchenko_Dmitry"]
[Result "1-0"]
[WhiteElo "2453"]
[BlackElo "2247"]
[TimeControl "180+1"]
[EndTime "12:08:06 PDT"]
[Termination "ViktoriyaTarasova won by checkmate"]

1. d4 g6 2. c4 Bg7 3. e4 d6 4.
Nc3 Nc6 5. Be3 e5 6. Nge2 f5 7.
exf5 gxf5 8. d5 Nce7 9. g3 Nf6 10. h3 h5 11. Bg5 Kf7 12. Qd2 Kg6 13. Bg2 Bh6 14.
h4 Ng4 15. f3 Nf6 16. O-O-O Bd7 17. Bh3 a6 18. Bxh6 Rxh6 19. Rdg1 Kh7 20. f4 e4 21.
Nd4 c5 22. Ne6 Bxe6 23. dxe6 d5 24. cxd5 b5 25. d6 b4 26. Ne2 e3 27. Qd1 Ned5 28.
Bxf5+ Kh8 29. d7 Qa5 30. Qb3 Qb5 31. Bd3 Qc6 32. f5 a5 33. Kb1 a4 34. Qc2 a3 35.
Bc4 axb2 36. Qxb2 Kh7 37. Rd1 Rd8 38. Nf4 Nxf4 39. gxf4 Qe4+ 40. Qc2 e2 41. Rde1 Qd4 42. Rxe2 Rg6 43. fxg6+ Kh6 44. Rhe1 Nd5 45. Bxd5 Qxd5 46. e7 Rxd7 47. e8=Q Qd1+ 48. Rxd1 Rxd1+ 49. Qxd1 c4 50. Qdd7 c3 51. Qh7# 1-0

[Event "*** Titled Tuesday Blitz"]
[Site "Chess.com"]
[Date "2021.04.06"]
[Round "11"]
[White "Hasangatin_Ramil"]
[Black "Twitch_ElhamBlitz05"]
[Result "0-1"]
[WhiteElo "2575"]
[BlackElo "2815"]
[TimeControl "180+1"]
[EndTime "12:08:07 PDT"]
[Termination "Twitch_ElhamBlitz05 won on time"]

1. e4 c6 2. Nf3 d5 3. d3 g6 4. g3 Bg7 5. Bg2 e5 6. O-O Ne7 7. Nbd2 O-O 8. Re1 d4 9. Nc4 b5 10. Ncd2 Nd7 11. a4 Qc7 12. c3 Nc5 13. Qc2 Nxa4 14. cxd4 exd4 15. Nb3 Qb6 16. Bd2 Be6 17.
Rec1 Bxb3 18. Qxb3 c5 19. e5 Nc6 20. Ng5 Nxe5 21. Bxa8 Rxa8 22. f4 h6 23. fxe5 hxg5 24.
e6 fxe6 25. Re1 c4 26. dxc4 Nc5 27. Qxb5 Qxb5 28. cxb5 Rb8 29. b4 Nb3 30. Ra2 Nxd2 31. Rxd2 e5 32. Kg2 g4 33. Re4 Rxb5 34. Rxg4 Kh7 35.
Kf3 Rxb4 36. Ke4 d3+ 37. Kf3 Rxg4 38. Kxg4 e4 39. Rd1 Bh6 40. h4 Kg8 41. h5 e3 42.
Rxd3 e2 43. Rd8+ Kf7 44. Rd7+ Ke8 45. Rg7 Bxg7 46. hxg6 e1=Q 0-1

[Event "*** Titled Tuesday Blitz"]
[Site "Chess.com"]
[Date "2021.04.06"]
[Round "11"]
[White "UKR_Master"]
[Black "Rytenko_V"]
[Result "1-0"]
[WhiteElo "2488"]
[BlackElo "2368"]
[TimeControl "180+1"]
[EndTime "12:08:07 PDT"]
[Termination "UKR_Master won on time"]

1. e4 e6 2. d4 d5 3. e5 c5 4. c3 Qb6 5. Nf3 Bd7 6. Be2 Bb5 7. O-O Bxe2 8. Qxe2 Nc6 9. dxc5 Bxc5 10. Bf4 a5 11. a4 Nge7 12. Na3 Ng6 13. Bg3 Bxa3 14. Rxa3 O-O 15. Qb5 Qxb5 16. axb5 Nce7 17. Nd4 b6 18. f4 Rac8 19. Rf3 Rc4 20. Bf2 Rb8 21. g3 Nf8 22. Kf1 h5 23. Ke2 Nd7 24. Ra1 Rcc8 25. Nb3 g6 26. Rd3 Nf5 27. Rdd1 Kg7 28.
Kf3 Rc4 29. h3 Rh8 30. Nd2 Rcc8 31. Nb3 Rc4 32. Rd2 Rcc8 33. Ra4 Rc7 34. Rd1 Rhc8 35. g4 hxg4+ 36. hxg4 Ne7 37. Bd4 Rh8 38. Kg3 Rh7 39. Raa1 Rc8 40. Rh1 Rch8 41. Rxh7+ Rxh7 42. Nd2 g5 43. f5 exf5 44. e6+ Nf6 45. exf7 Kxf7 46.
Nf3 Ne4+ 47. Kg2 fxg4 48. Ne5+ Ke6 49. Nxg4 Nf5 50. Rf1 Rh4 51. Ne5 Rf4 52. Rh1 1-0

[Event "*** Titled Tuesday Blitz"]
[Site "Chess.com"]
[Date "2021.04.06"]
[Round "11"]
[White "Chessdude1987"]
[Black "MIJuanReyesRosa"]
[Result "1-0"]
[WhiteElo "2319"]
[BlackElo "2023"]
[TimeControl "180+1"]
[EndTime "12:08:07 PDT"]
[Termination "Chessdude1987 won by checkmate"]

1. e4 c5 2. Nc3 a6 3. Nf3 e6 4.
d4 cxd4 5. Nxd4 Qc7 6. g3 Bb4 7. Ne2 Nf6 8. Bg2 Be7 9. O-O O-O 10. a4 Nc6 11. h3 b6 12. Bf4 d6 13. Be3 Ne5 14. b3 Bb7 15. f4 Nc6 16. g4 Nd7 17. g5 Rfe8 18. Qe1 Bf8 19. Qg3 Nb4 20. Rac1 Rac8 21. f5 Ne5 22. Bf4 g6 23. f6 Red8 24. h4 h5 25. gxh6 Kh7 26. Rf2 Qc5 27. Be3 Qc6 28. Bh3 Qc7 29. h5 d5 30. Bf4 Bd6 31. exd5 Nxd5 32. Nxd5 Bxd5 33. c4 Qb8 34. cxd5 Rxc1+ 35. Nxc1 Rg8 36. Kh1 gxh5 37. Qe3 Ng4 38. Qe4+ Kh8 39.
Rf1 exd5 40. Qf5 Nf2+ 41. Rxf2 Bxf4 42. Rxf4 d4 43. Nd3 Qb7+ 44. Kh2 Qc7 45. Ne5 Qc1 46. Nxf7# 1-0

[Event "*** Titled Tuesday Blitz"]
[Site "Chess.com"]
[Date "2021.04.06"]
[Round "11"]
[White "Das_Virus_2020"]
[Black "kamilianin235"]
[Result "1/2-1/2"]
[WhiteElo "2409"]
[BlackElo "2256"]
[TimeControl "180+1"]
[EndTime "12:08:07 PDT"]
[Termination "Game drawn by repetition"]

1. e4 c5 2. c3 d6 3. d4 Nf6 4. Bd3 g6 5. f3 Bg7 6. Ne2 O-O 7. Be3 b6 8. Nd2 Nbd7 9. O-O Bb7 10. a3 Qc7 11. b4 e5 12. bxc5 bxc5 13. d5 Rab8 14. a4 Ne8 15. a5 Ba8 16. Nc4 f5 17. Qa4 f4 18. Bf2 g5 19. h3 Nef6 20. Rab1 h5 21. Rxb8 Rxb8 22. Rb1 Rxb1+ 23. Bxb1 Qb8 24. Bc2 Bb7 25.
Qb5 Bf8 26. Ba4 Bc8 27. Kf1 Qxb5 28. Bxb5 Nb8 29. Ke1 Ba6 30. Bxa6 Nxa6 31. Kd2 Nc7 32. Nc1 Nd7 33. Nd3 Kf7 34. Kc2 Nb8 35. Kb3 Nba6 36. Ka4 Nb8 37. Ne1 Nd7 38. Nc2 Ke8 39. N2a3 Kd8 40. Nb5 Nxb5 41. Kxb5 Nb8 42. a6 Kc7 43. Na5 Be7 44. c4 Bf8 45. Be1 Be7 46. Nb7 Kc8 47. Ba5 Nd7 48. Bd2 Nb8 49. Na5 Kc7 50. Nc6 Nxc6 51.
dxc6 Bd8 52. Ba5+ Kc8 53. Bd2 Kc7 54. Ba5+ Kc8 55. Bd2 Bb6 56. Bc3 Bd8 57. Bd2 1/2-1/2

[Event "*** Titled Tuesday Blitz"]
[Site "Chess.com"]
[Date "2021.04.06"]
[Round "11"]
[White "FairChess_on_YouTube"]
[Black "MirMan90"]
[Result "1/2-1/2"]
[WhiteElo "2975"]
[BlackElo "2691"]
[TimeControl "180+1"]
[EndTime "12:08:08 PDT"]
[Termination "Game drawn by repetition"]

1. d4 Nf6 2. Bg5 e6 3. Nd2 d5 4.
e3 Be7 5. f4 b6 6. c3 Bb7 7. Ngf3 Nbd7 8. Bd3 c5 9. O-O Ne4 10.
Bxe7 Qxe7 11. Ne5 Nd6 12. Qg4 g6 13. Qh3 O-O-O 14. a4 f6 15. Nxd7 Qxd7 16. a5 c4 17. Be2 b5 18. b3 Rhe8 19. Rfb1 a6 20. bxc4 dxc4 21. Bf3 f5 22. Re1 Ne4 23. Bxe4 Bxe4 24. Nxe4 fxe4 25. g4 Kb7 26. Qg2 Qd5 27. h4 h5 28. Kf2 Rf8 29. gxh5 e5 30. Qxg6 exf4 31. Qb6+ Kc8 32. Qxa6+ Kb8 33. Rab1 fxe3+ 34. Kg1 Rf5 35. Rxe3 Rg8+ 36. Kh2 Rxh5 37. Qb6+ Ka8 38. Qa6+ Kb8 39. Rh3 e3 40. Qb6+ Ka8 41. Qa6+ Kb8 42. Qb6+ Ka8 43. Rb2 Rf5 44. Qa6+ Kb8 45. Qb6+ Ka8 46. Rxe3 Rgf8 47. Qa6+ Kb8 48. Qb6+ Ka8 49. Qa6+ Kb8 50. Qb6+ Ka8 1/2-1/2

[Event "*** Titled Tuesday Blitz"]
[Site "Chess.com"]
[Date "2021.04.06"]
[Round "11"]
[White "tylityli"]
[Black "annacramling"]
[Result "1-0"]
[WhiteElo "2337"]
[BlackElo "2097"]
[TimeControl "180+1"]
[EndTime "12:08:08 PDT"]
[Termination "tylityli won on time"]

1. d4 Nf6 2. c4 e6 3. Nc3 d5 4. cxd5 exd5 5. Bg5 Be7 6. e3 O-O 7. Bd3 h6 8. Bh4 b6 9. Nge2 Bb7 10. O-O Nbd7 11.
f3 c5 12. Bf2 Rc8 13. a4 Re8 14. Ng3 cxd4 15. exd4 Nf8 16. Nf5 Bb4 17. Ne2 Ne6 18.
Qb3 Bf8 19. a5 g6 20. a6 Bc6 21. Nfg3 Bd6 22. Rac1 Nf4 23. Nxf4 Bxf4 24. Rce1 Qd7 25. Ne2 Be3 26. Bb1 Bxf2+ 27. Kxf2 Bb5 28. Bd3 Bc4 29. Bxc4 dxc4 30. Qc2 Nd5 31. Nc3 Rxe1 32. Rxe1 Nb4 33. Qe4 Nd3+ 34. Kg1 Nxe1 35. Qxe1 Qxd4+ 36. Kh1 Rd8 37. h3 Qd2 38. Qe4 Qxb2 39. Qxc4 Qc1+ 40. Kh2 Qg5 41.
f4 Qe7 42. Ne4 Kg7 43. Qc3+ Kh7 44. Nf6+ Kg7 45. Nd5+ Kf8 46. Nxe7 Kxe7 47. Qe5+ Kf8 48. Qc7 Re8 49. Qxa7 b5 50. Qc5+ Kg7 51. Qxb5 Re4 52. a7 Rxf4 53. a8=Q 1-0